 Dungeon Crawl Stone Soup version 0.29.1-2-gbd0b4ee654 (webtiles) character file.

Game seed: 6824551610419191449

672 LustLizard the Shooter (level 7, -2/35 HPs)
             Began as a Spriggan Hunter on Nov 1, 2022.
             Slain by a water moccasin (8 damage)
             ... on level 4 of the Dungeon.
             The game lasted 00:09:59 (5280 turns).

LustLizard the Shooter (Spriggan Hunter)            Turns: 5280, Time: 00:09:59

Health: -2/35      AC:  2    Str:  7    XL:     7   Next: 32%
Magic:  6/11       EV: 17    Int: 12    God:
Gold:   129        SH:  0    Dex: 19    Spells: 8/10 levels left

rFire   . . .      SeeInvis +   a - +0 shortbow
rCold   . . .      Faith    .   (shield currently unavailable)
rNeg    . . .      Spirit   .   c - +0 robe
rPois   .          Reflect  .   (helmet restricted)
rElec   .          Harm     .   (no cloak)
rCorr   .          Rampage  .   (gloves unavailable)
Will    +....                   (boots unavailable)
Stlth   +++.......              (no amulet)
HPRegen 0.11/turn               x - ring of wizardry
MPRegen 0.12/turn               m - ring of flight

@: flying, very quick
A: very small, no large weapons, unfitting armour, see invisible, speed 3
a: no special abilities


You were on level 4 of the Dungeon.
You visited 1 branch of the dungeon, and saw 5 of its levels.

You collected 129 gold pieces.

Inventory:

Hand Weapons
 a - a +0 shortbow (weapon)
Missiles
 l - 3 poisoned darts
Armour
 c - a +0 robe (worn)
Jewellery
 f - an amulet of guardian spirit
 m - a ring of flight (right hand)
 t - a ring of positive energy
 x - a ring of wizardry (left hand)
Wands
 A - a wand of light (5)
Scrolls
 b - 2 scrolls of immolation
 e - a scroll of enchant weapon {unknown}
 i - 2 scrolls of blinking {unknown}
 o - a scroll of acquirement {unknown}
 p - 4 scrolls of teleportation {unknown}
 q - a scroll of brand weapon {unknown}
 u - a scroll of summoning {unknown}
 y - 3 scrolls of fear {unknown}
Potions
 d - a potion of magic
 g - 2 potions of flight
 h - 4 potions of curing
 j - a potion of heal wounds
 n - a potion of invisibility {unknown}
 r - a potion of haste {unknown}
 s - a potion of might {unknown}
 v - a potion of berserk rage {unknown}
 w - a potion of cancellation {unknown}
 z - a potion of degeneration {unknown}


   Skills:
 + Level 2.9 Fighting
 * Level 5.9 Ranged Weapons
 - Level 2.6 Dodging
 + Level 4.7 Stealth
 - Level 2.0 Spellcasting
 * Level 2.8 Air Magic
 * Level 3.1 Poison Magic


You had 8 spell levels left.
You knew the following spells:

 Your Spells              Type           Power      Damage    Failure   Level
a - Poisonous Vapours     Pois/Air       16%        N/A       4%          2

Your spell library contained the following spells:

 Spells                   Type           Power      Damage    Failure   Level
 Corpse Rot               Necr/Pois/Air  5%         N/A       43%         4


Dungeon Overview and Level Annotations

Branches:
Dungeon (5/15)
 Temple: D:4-7

Altars:
Fedhas
Sif Muna
Trog


Innate Abilities, Weirdness & Mutations

You are very small and have problems with some larger weapons.
You are too small for most types of armour.
You have supernaturally acute eyesight. (SInv)
You cover ground extremely quickly. (Speed+++)


Message History

Aim: an iguana (almost dead, very poisoned) Poisonous vapours surround the iguana!
The iguana looks even sicker.
The water moccasin misses you. The iguana bites you!
* * * LOW HITPOINT WARNING * * *
The water moccasin bites you but does no damage.
You fly upwards.
There is a stone staircase leading down here.
You kill the iguana!
Casting: Poisonous Vapours (safe; 4% risk of failure)
Confirm with . or Enter, or press ? or * to list all spells.
You can't see any susceptible monsters within range! (Use Z to cast anyway.) Unknown command.
Casting: Poisonous Vapours (safe; 4% risk of failure)
Confirm with . or Enter, or press ? or * to list all spells.
You can't see any susceptible monsters within range! (Use Z to cast anyway.) Unknown command.
Fire: a) +0 shortbow
Press: ? - help, Q - select action, (/) - cycle Shift-Dir - straight line, f - water moccasin
Aim: a water moccasin (48% to hit)
You shoot an arrow. The arrow hits the water moccasin.
The water moccasin is lightly wounded.
Unknown command.
Fire: a) +0 shortbow
Press: ? - help, Q - select action, (/) - cycle Shift-Dir - straight line, f/p - water moccasin
Aim: a water moccasin (lightly wounded, 48% to hit)
You shoot an arrow. The arrow misses the water moccasin.
Unknown command.
Fire: a) +0 shortbow
Press: ? - help, Q - select action, (/) - cycle Shift-Dir - straight line, f/p - water moccasin
Aim: a water moccasin (48% to hit)
You shoot an arrow. The arrow misses the water moccasin.
Unknown command.
Fire: a) +0 shortbow
Press: ? - help, Q - select action, (/) - cycle Shift-Dir - straight line, f/p - water moccasin
Aim: a water moccasin (48% to hit)
You shoot an arrow.
The arrow closely misses the water moccasin.
The water moccasin bites you!
You die...

#..S........#............#
##.####.#.................#
##....#..#...........>.....#
#..........#...............#
###...#...###...............
#.........#..........#....
##.......##...##..[.......
##.....S##....#..........
#......@...##...........
##.###.##......[##.##....
##..###.#.....#<..[.......
#...#.........####.#......
###............#...........
###.#....#.###......#..#.....
##....##..#..........#.#..##..
#............##......#.#..##..
##......#......#..........##..


You could see a water moccasin.

Vanquished Creatures
  Edmund (D:3)
  Duvessa (D:4)
  2 necrophages
  Dowan (D:4)
  2 orc priests (D:4)
  3 iguanas
  6 adders
  2 dart slugs
  5 orcs
  9 bats
  9 endoplasms
  2 giant cockroaches
  5 goblins
  8 hobgoblins
  2 jackals (D:2)
  4 quokkas
  3 ball pythons
  3 frilled lizards
  10 kobolds
  10 rats
88 creatures vanquished.

Vanquished Creatures (others)
  A wizard (D:3)
1 creature vanquished.

Grand Total: 89 creatures vanquished

Notes
Turn   | Place    | Note
-------+----------+-------------------------------------------
     0 | D:1      | LustLizard the Spriggan Hunter began the quest for the Orb.
     0 | D:1      | Reached XP level 1. HP: 10/10 MP: 2/2
   110 | D:1      | Reached XP level 2. HP: 15/15 MP: 3/3
   672 | D:1      | Found a faded altar of an unknown god.
   675 | D:1      | Reached XP level 3. HP: 18/18 MP: 4/4
  1198 | D:2      | Identified the +0 short sword of Incongruity {vorpal, SInv}
  1652 | D:2      | Learned a level 2 spell: Poisonous Vapours
  1970 | D:3      | Reached XP level 4. HP: 17/23 MP: 5/5
  2391 | D:3      | Reached skill level 5 in Ranged Weapons
  2877 | D:3      | Found a bloodstained altar of Trog.
  2879 | D:3      | Noticed a wizard
  2887 | D:3      | Killed a wizard
  2955 | D:4      | Noticed Duvessa
  2955 | D:4      | Noticed Dowan
  3063 | D:3      | Reached skill level 1 in Air Magic
  3063 | D:3      | Reached skill level 1 in Poison Magic
  3119 | D:4      | Reached XP level 5. HP: 18/26 MP: 7/7
  3150 | D:3      | Reached skill level 1 in Spellcasting
  3247 | D:4      | Noticed Edmund
  3445 | D:3      | Killed Edmund
  3446 | D:3      | Reached XP level 6. HP: 26/32 MP: 7/9
  4242 | D:4      | Killed Duvessa
  4499 | D:4      | Killed Dowan
  4846 | D:4      | Found a shimmering blue altar of Sif Muna.
  4930 | D:5      | Entered Level 5 of the Dungeon
  4948 | D:5      | Reached XP level 7. HP: 35/35 MP: 1/11
  5222 | D:5      | Found a blossoming altar of Fedhas.
  5280 | D:4      | Slain by a water moccasin

Illustrated notes

Levels and vault maps discovered:
D:1:      reono_arrival_forest_river, layout_loops_ring,
          dreamdust_ecumenical_altar_hidden_monk_grotto,
          chequers_serial_rivers_small_a
D:2:      layout_basic
D:3:      layout_basic, trog_wizard, minmay_misc_feat_cross, chequers_avenue,
          serial_bayou_pond_d, nicolae_concentric_dashed_squares_wild
D:4:      layout_cave_pools, general_overflow_altar, uniq_edmund, uniq_duvessa
D:5:      layout_rooms, mainiacjoe_overflow_small_starburst, fedhas_altar_2,
          grunt_temple_overflow_open, temple_green

Skill      XL: |  1  2  3  4  5  6  7 |
---------------+----------------------+-----
Stealth        | 2 3 4 |  4.7
Fighting       | 2 |  2.9
Ranged Weapons | 5 |  5.9
Air Magic      | 1 2 |  2.8
Poison Magic   | 1 2 3 |  3.1
Spellcasting   | 1 2 |  2.0
Dodging        | |  2.6

Action                   |  1- 3 |  4- 6 |  7- 9 || total
-------------------------+-------+-------+-------++-------
 Fire: Shortbow          |   125 |   159 |    37 ||   321
 Cast: Poisonous Vapours |       |    23 |     5 ||    28
  Use: Scroll            |       |     4 |       ||     4
Armor: Robe              |     3 |     1 |     6 ||    10
Dodge: Dodged            |    64 |    37 |    12 ||   113
